 Dungeon Crawl Stone Soup version 0.22-a0-445-g8c8ef71 (webtiles) character file.

17756 incide the Protected (level 12, 0/100 HPs)
             Began as a Demonspawn Gladiator on June 2, 2018.
             Was a High Priest of Okawaru.
             Slain by a komodo dragon (21 damage)
             ... on level 1 of the Lair of Beasts.
             The game lasted 00:36:46 (18258 turns).

incide the Protected (Demonspawn Gladiator)        Turns: 18258, Time: 00:36:47

Health: 0/100      AC: 33    Str: 14    XL:     12   Next: 21%
Magic:  12/12      EV: 13    Int: 15    God:    Okawaru [*****.]
Gold:   784        SH:  0    Dex: 20    Spells: 11/11 levels left

rFire    . . .     SeeInvis +   y - +1 battleaxe
rCold    + . .     Gourm    .   (shield currently unavailable)
rNeg     . . .     Faith    .   A - +0 plate armour
rPois    .         Spirit   .   c - +0 helmet
rElec    .         Reflect  .   M - +2 cloak
rCorr    .         Harm     .   R - +0 pair of gloves
MR       .....                  (boots unavailable)
Stlth    ..........             (no amulet)
HPRegen  0.26/turn              h - ring of protection from cold
MPRegen  0.13/turn              G - ring of see invisible

@: agile, sanguine armour
A: talons 3, nightstalker 1, powered by pain 1, sanguine armour 3
a: Heroism, Finesse, Renounce Religion


You were on level 1 of the Lair of Beasts.
You worshipped Okawaru.
Okawaru was extremely pleased with you.
You were hungry.

You visited 3 branches of the dungeon, and saw 14 of its levels.

You collected 784 gold pieces.

Inventory:

Hand Weapons
 y - a +1 battleaxe (weapon)
 C - a +1 hand axe of freezing
 E - a +0 arbalest of freezing
Missiles
 d - 4 throwing nets (quivered)
 l - 21 bolts
 n - 6 needles of paralysis
 F - 6 curare-tipped needles
 J - 4 tomahawks of returning
 Z - 2 needles of frenzy
Armour
 c - a +0 helmet (worn)
 e - a +0 leather armour
 i - a +2 leather armour of poison resistance
 o - a +0 shield
 A - a +0 plate armour (worn)
 M - a +2 cloak (worn)
 R - a +0 pair of gloves (worn)
Magical Staves
 a - an uncursed staff of death
Jewellery
 h - a ring of protection from cold (left hand)
 D - an uncursed ring of positive energy
 G - a ring of see invisible (right hand)
 I - an uncursed ring of protection from cold
 L - an uncursed ring of ice
Wands
 s - a wand of paralysis (10)
 u - a wand of clouds (2)
 S - a wand of random effects (26)
 U - a wand of acid (10)
 X - a wand of flame (2)
 Y - a wand of polymorph (15)
Scrolls
 g - 2 scrolls of enchant weapon
 k - 7 scrolls of remove curse
 m - 3 scrolls of blinking
 p - 3 scrolls of fog
 q - 4 scrolls of enchant armour
 t - 6 scrolls of teleportation
 w - 3 scrolls of amnesia
 K - a scroll of fear
 V - a scroll of holy word
Potions
 j - a potion of heal wounds
 r - 3 potions of curing
 v - a potion of ambrosia {!e}
 x - a potion of agility
 z - a potion of resistance
 B - a potion of flight
 H - a potion of brilliance
 O - 2 potions of lignification
 Q - a potion of might
 T - a potion of invisibility {unknown}
 W - a potion of cancellation
Miscellaneous
 b - a lightning rod (3/4)
Comestibles
 f - 23 rations


   Skills:
 - Level 11.1 Fighting
 + Level 9.6 Axes
 - Level 1.7 Throwing
 - Level 11.4 Armour
 - Level 6.0 Dodging


You had 11 spell levels left.
You didn't know any spells.
Your spell library contained the following spells:

 Spells                   Type           Power        Failure   Level  Hunger
 Apportation              Tloc           #.....       100%        1    ##.....
 Lightning Bolt           Conj/Air       #.........   100%        5    ######.
 Invisibility             Hex            #.......     100%        6    #######
 Animate Dead             Necr           N/A          100%        4    #####..
 Pain                     Necr           #...         100%        1    ##.....
 Animate Skeleton         Necr           N/A          100%        1    ##.....
 Vampiric Draining        Necr           #.........   100%        3    ####...
 Regeneration             Chrm/Necr      #.........   100%        3    ####...
 Tukima's Dance           Hex            #.......     100%        3    ####...
 Shock                    Conj/Air       #...         100%        1    ##.....
 Swiftness                Chrm/Air       #.......     100%        2    ###....
 Airstrike                Air            #.........   100%        4    #####..
 Summon Butterflies       Summ           #.......     100%        1    ##.....
 Static Discharge         Conj/Air       #.......     100%        3    ####...
 Alistair's Intoxication  Tmut/Pois      #.......     100%        5    ######.
 Lesser Beckoning         Tloc           #.........   100%        3    ####...


Dungeon Overview and Level Annotations

Branches:
Dungeon (11/15)            Temple (1/1) D:7            Lair (2/6) D:11
    Orc (0/2) D:11
  Swamp: Lair:2-4    Shoals: Lair:2-4     Snake: Lair:2-4    Spider: Lair:2-4

Altars:
Ashenzari
Cheibriados
Dithmenos
Elyvilon
Fedhas
Gozag
Hepliaklqana
Kikubaaqudgha
Makhleb
Nemelex Xobeh
Okawaru
Qazlal
Ru
Sif Muna
Trog
Uskayaw
Vehumet
Wu Jian
Xom
Yredelemnul
Zin
The Shining One


Innate Abilities, Weirdness & Mutations

You have claws for feet.
You are slightly more attuned to the shadows.
You sometimes gain a little power by taking damage.
When seriously injured, your bleeding wounds create very thick armour. (AC +12)


Message History

You claw the komodo dragon, but do no damage.
The komodo dragon is heavily wounded.
The komodo dragon barely misses you.
You hit the komodo dragon.
The komodo dragon is heavily wounded.
The komodo dragon bites you.
* * * LOW HITPOINT WARNING * * *
You slash the komodo dragon!
The komodo dragon is severely wounded.
The komodo dragon barely misses you.
You are feeling hungry.
Your plate armour prevents you from hitting the komodo dragon.
Your kick misses the komodo dragon.
The komodo dragon is severely wounded.
The komodo dragon closely misses you. The komodo dragon bites you.
* * * LOW HITPOINT WARNING * * *
You closely miss the komodo dragon. You claw the komodo dragon.
The komodo dragon is almost dead.
The komodo dragon bites you!!
You die...

≈≈P≈≈P≈P≈≈.......>.......#
≈≈≈≈≈≈≈≈≈P.....P♣.♣.....##
P≈≈≈≈≈≈≈≈≈♣...♣PP.P.♣...#
≈≈≈≈≈≈≈≈≈≈♣##..♣...♣..#.##
≈≈≈≈≈≈≈≈P♣♣
#............## #
≈≈≈≈≈≈≈≈≈♣
##..###.......## #
≈≈≈≈≈≈≈≈♣♣ #.####...##...#
## ♣♣≈≈≈≈P≈♣
##l##....#####.# ##.
♣♣≈≈≈P♣♣ #.#l@#...# ###
#.# ♣♣♣♣♣* ##.####### ###
###


You could see 2 komodo dragons.

Vanquished Creatures
  Fannar (D:11)
  2 centaur warriors (D:8)
  2 two-headed ogres (D:9)
  Urug (D:10)
  Nergalle (D:11)
  A skeletal warrior (D:10)
  The ghost of Gorglomux the Covered, a novice DDFi of Makhleb (D:6)
  An oklob plant (D:9)
  Joseph (Lair:1)
  2 spiny frogs
  4 komodo dragons
  Grinder (D:3)
  3 polar bears (Lair:1)
  2 hippogriffs (Lair:1)
  A wraith (D:11)
  5 yaks
  2 wyverns
  A hungry ghost (D:9)
  A steam dragon (D:7)
  Menkaure (D:4)
  5 water moccasins
  2 porcupines
  9 black bears
  2 orc warriors
  4 ice beasts
  2 phantoms
  3 sky beasts
  2 eyes of draining (D:6)
  A necrophage (D:10)
  2 centaurs (D:9)
  9 ogres
  A wolf (Lair:1)
  4 crocodiles
  7 bullfrogs
  A water moccasin skeleton (D:4)
  A scorpion (D:9)
  2 wyvern skeletons (D:10)
  6 killer bees (D:11)
  5 wights
  5 howler monkeys
  A vampire bat (D:4)
  2 electric eels (D:7)
  3 centaur zombies
  6 hounds
  3 jellies
  7 orc priests
  2 bullfrog skeletons (D:7)
  7 orc wizards
  4 iguanas
  Natasha (thrice) (D:4)
  5 worker ants
  A hound zombie (D:10)
  A hound skeleton (D:10)
  A worker ant zombie (D:11)
  8 gnolls
  A howler monkey skeleton (D:11)
  10 adders
  2 shadow imps
  An adder skeleton (D:5)
  7 worms
  3 fire bats (D:4)
  A leopard gecko (D:4)
  62 orcs
  2 spectral bats (D:4)
  A ball python (D:5)
  3 bat skeletons (D:4)
  A bat zombie (D:4)
  6 giant cockroaches
  11 goblins
  14 hobgoblins
  4 jackals (D:3)
  3 quokkas
  A ball python skeleton (D:5)
  17 bats
  A bat simulacrum (D:4)
  3 frilled lizards
  2 jackal zombies (D:6)
  4 kobolds
  8 rats
  4 plants
333 creatures vanquished.

Vanquished Creatures (others)
  An orc (D:11)
  A plant (D:11)
2 creatures vanquished.

Grand Total: 335 creatures vanquished

Notes
Turn   | Place    | Note
-------+----------+-------------------------------------------
     0 | D:1      | incide the Demonspawn Gladiator began the quest for the Orb.
     0 | D:1      | Reached XP level 1. HP: 16/16 MP: 1/1
   351 | D:1      | Reached skill level 3 in Axes
   365 | D:1      | Gained mutation: When seriously injured, your bleeding wounds create armour. (AC +12) [demonic ancestry]
   365 | D:1      | Reached XP level 2. HP: 21/22 MP: 2/2
   736 | D:1      | You fall through a shaft!
   740 | D:2      | Gained mutation: You have sharp toenails. [demonic ancestry]
   740 | D:2      | Reached XP level 3. HP: 26/27 MP: 3/3
   835 | D:2      | Reached skill level 4 in Axes
  1360 | D:2      | Found a glowing golden altar of the Shining One.
  1362 | D:2      | Noticed an angel
  1369 | D:2      | Found a basalt altar of Yredelemnul.
  1371 | D:2      | Noticed a profane servitor
  1519 | D:2      | Reached XP level 4. HP: 13/34 MP: 4/4
  1809 | D:2      | Reached skill level 3 in Fighting
  1911 | D:2      | Found a glowing golden altar of the Shining One.
  2354 | D:3      | Noticed Grinder
  2373 | D:3      | Paralysed by Grinder for 6 turns
  2383 | D:3      | Killed Grinder
  2383 | D:3      | Reached skill level 5 in Fighting
  2383 | D:3      | Gained mutation: When seriously injured, your bleeding wounds create thick armour. (AC +12) [demonic ancestry]
  2383 | D:3      | Reached XP level 5. HP: 46/46 MP: 5/5
  2383 | D:3      | Gained mutation: When seriously injured, your bleeding wounds create very thick armour. (AC +12) [demonic ancestry]
  2383 | D:3      | Reached XP level 6. HP: 52/52 MP: 6/6
  2676 | D:3      | Reached skill level 6 in Fighting
  3304 | D:4      | Noticed Natasha
  3307 | D:4      | Killed Natasha
  3307 | D:4      | Reached skill level 3 in Dodging
  3607 | D:4      | Reached skill level 4 in Dodging
  3607 | D:4      | Gained mutation: You are slightly more attuned to the shadows. [demonic ancestry]
  3607 | D:4      | Reached XP level 7. HP: 44/58 MP: 7/7
  3664 | D:4      | Noticed Natasha
  3676 | D:4      | Killed Natasha
  3960 | D:4      | Reached skill level 5 in Dodging
  4106 | D:4      | Noticed Natasha
  4109 | D:4      | Killed Natasha
  4226 | D:4      | Reached skill level 6 in Dodging
  4490 | D:4      | Reached skill level 1 in Armour
  4542 | D:4      | Reached skill level 2 in Armour
  4542 | D:4      | Reached XP level 8. HP: 55/64 MP: 8/8
  4572 | D:4      | Noticed Menkaure
  4590 | D:4      | Killed Menkaure
  4590 | D:4      | Reached skill level 3 in Armour
  4930 | D:5      | Entered Level 5 of the Dungeon
  5004 | D:5      | Reached skill level 4 in Armour
  5648 | D:5      | Reached skill level 5 in Armour
  6018 | D:5      | Reached skill level 6 in Armour
  6074 | D:6      | Found a bloodstained altar of Trog.
  6093 | D:6      | Gained mutation: You sometimes gain a little power by taking damage. [demonic ancestry]
  6093 | D:6      | Reached XP level 9. HP: 69/69 MP: 1/9
  6272 | D:6      | Noticed Gorglomux's ghost (novice DDFi)
  6312 | D:6      | Killed Gorglomux's ghost
  6312 | D:6      | Reached skill level 8 in Armour
  6819 | D:6      | Found a radiant altar of Vehumet.
  7188 | D:7      | Found a staircase to the Ecumenical Temple.
  7195 | Temple   | Entered the Ecumenical Temple
  7412 | Temple   | Became a worshipper of Warmaster Okawaru
  7533 | D:7      | Reached skill level 9 in Armour
  7772 | D:7      | Found an ancient bone altar of Kikubaaqudgha.
  7772 | D:7      | Found a deep blue altar of Sif Muna.
  7775 | D:7      | Found a shadowy altar of Dithmenos.
  7784 | D:7      | Found a shattered altar of Ashenzari.
  8453 | D:8      | Reached * piety under Okawaru
  8465 | D:8      | Reached skill level 10 in Armour
  8816 | D:8      | Noticed a centaur warrior
  8818 | D:8      | Noticed a centaur warrior
  8846 | D:8      | Killed a centaur warrior
  8846 | D:8      | Reached ** piety under Okawaru
  8846 | D:8      | Gained mutation: You have razor-sharp toenails. [demonic ancestry]
  8846 | D:8      | Reached XP level 10. HP: 51/76 MP: 10/10
  8881 | D:8      | Killed a centaur warrior
  8881 | D:8      | Reached skill level 11 in Armour
  9219 | D:8      | Found a hazy altar of Hepliaklqana.
  9581 | D:8      | Found a stormy altar of Qazlal.
  9739 | D:9      | Found a burning altar of Makhleb.
  9739 | D:9      | Noticed an Executioner
  9859 | D:9      | Reached *** piety under Okawaru
  9916 | D:9      | Reached skill level 5 in Axes
 10515 | D:9      | Noticed a two-headed ogre
 10526 | D:9      | Killed a two-headed ogre
 10526 | D:9      | Reached skill level 6 in Axes
 10690 | D:9      | Found a sacrificial altar of Ru.
 10690 | D:9      | Noticed an oklob plant
 10713 | D:9      | Noticed a two-headed ogre
 10732 | D:9      | Killed a two-headed ogre
 10732 | D:9      | Reached **** piety under Okawaru
 10732 | D:9      | Reached skill level 7 in Axes
 11466 | D:10     | Entered Level 10 of the Dungeon
 11605 | D:10     | Gained mutation: You have claws for feet. [demonic ancestry]
 11605 | D:10     | Reached XP level 11. HP: 46/79 MP: 11/11
 11611 | D:10     | Noticed Urug
 11775 | D:9      | You fall through a shaft for 2 floors!
 11782 | D:11     | Found a blossoming altar of Fedhas.
 11824 | D:11     | Noticed Nergalle
 11838 | D:11     | Killed Nergalle
 11838 | D:11     | Received a gift from Okawaru
 11838 | D:11     | Reached skill level 8 in Axes
 12028 | D:11     | HP: 15/79 [killer bee (2)]
 12036 | D:11     | HP: 9/81 [killer bee (6)]
 12044 | D:11     | HP: 9/81 [killer bee (2)]
 12046 | D:11     | HP: 3/81 [killer bee (6)]
 12278 | D:11     | Noticed Fannar
 12320 | D:11     | Killed Fannar
 12357 | D:11     | Found a staircase to the Orcish Mines.
 12446 | D:11     | Reached skill level 9 in Axes
 12449 | D:11     | HP: 15/81 [orc priest/nerve-wracking pain (4)]
 12453 | D:11     | HP: 4/81 [orc priest/divine providence (12)]
 12968 | D:10     | Killed Urug
 12968 | D:10     | Reached ***** piety under Okawaru
 13190 | D:10     | Received a gift from Okawaru
 13667 | D:11     | Noticed a skeletal warrior
 13668 | D:11     | Noticed a skeletal warrior
 13698 | D:10     | HP: 9/83 [skeletal warrior/long sword (10)]
 13700 | D:10     | Killed a skeletal warrior
 13700 | D:10     | Reached skill level 7 in Fighting
 14051 | D:9      | HP: 10/84 [acid (10)]
 14371 | D:9      | Killed an oklob plant
 15378 | D:11     | Found a staircase to the Lair.
 15391 | D:11     | Reached skill level 8 in Fighting
 15409 | Lair:1   | Entered Level 1 of the Lair of Beasts
 15483 | D:11     | Noticed a skeletal warrior
 15866 | Lair:1   | Received a gift from Okawaru
 16219 | Lair:1   | Reached skill level 9 in Fighting
 16453 | Lair:1   | HP: 16/89 [polar bear (8)]
 16454 | Lair:1   | HP: 2/89 [polar bear (12)]
 16815 | Lair:1   | Noticed Joseph
 16831 | Lair:1   | Killed Joseph
 16831 | Lair:1   | Reached skill level 10 in Fighting
 16831 | Lair:1   | Reached XP level 12. HP: 59/97 MP: 12/12
 17984 | Lair:1   | Reached skill level 11 in Fighting
 18258 | Lair:1   | Slain by a komodo dragon

Vault maps used:
D:1:      dpeg_arrival_simpleton_c, grunt_decor_cap
D:2:      grunt_temple_overflow_holy_war, nicolae_tso_swordbearing_angel
D:3:      first_ration, uniq_grinder
D:4:      goddamned_bats, uniq_natasha, uniq_menkaure
D:6:      lemuel_coloured_pillars_altar, trog_eyes_of_draining,
          minmay_misc_feat_tiny
D:7:      grunt_temple_overflow_cloverleaf, minmay_temple_entry_junction,
          grunt_ogre_cave, water_boxes_lemuel
D:8:      minmay_curly_fans, nicolae_qazlal_eye_of_the_storm,
          lemuel_crystal_altar
D:9:      makhleb_altar_promises_db, lemuel_oklob_altar
D:10:     uniq_urug
D:11:     dpeg_oklobed_lair, hiddenorc2_lemuel, fedhas_altar_2, uniq_fannar,
          uniq_nergalle
Temple:   minmay_temple_curvy_loop
Lair:1:   beast_lair_carwin_large_1, grunt_forest_stairs_basic, minivault_11,
          serial_bayou_shore_a, grunt_megastairs_4, lemuel_fruit_tree,
          uniq_joseph
Lair:2:   beast_lair_carwin_1, infiniplex_staircase_pool_2, lemuel_fruit_fields

Skill      XL: |  1  2  3  4  5  6  7  8  9 10 11 12 |
---------------+-------------------------------------+-----
Axes           | 3 4 7 9 |  9.6
Fighting       | 5 6 10 11 | 11.1
Dodging        | 4 6 |  6.0
Armour         | 2 6 10 11 | 11.4
Throwing       | |  1.7

Action                   |  1- 3 |  4- 6 |  7- 9 | 10-12 || total
-------------------------+-------+-------+-------+-------++-------
Melee: War axe           |   132 |   167 |   179 |    36 ||   514
       Kick              |    17 |    43 |   120 |   238 ||   418
       Battleaxe         |       |       |   214 |   692 ||   906
Evoke: Wand              |       |       |     4 |    31 ||    35
       Lightning rod     |       |       |       |     5 ||     5
  Use: Potion            |       |     8 |     1 |     8 ||    17
       Scroll            |       |       |     1 |    13 ||    14
 Stab: Sleeping          |     1 |     1 |     5 |       ||     7
       Paralysed         |       |       |     3 |       ||     3
       Confused          |       |       |     3 |     1 ||     4
       Distracted        |       |       |       |     1 ||     1
  Eat: Ration            |     1 |       |     2 |     7 ||    10
       Chunk             |       |     6 |    10 |    16 ||    32
Armor: Leather armour    |    49 |    42 |    75 |       ||   166
       Skin              |       |     4 |     5 |       ||     9
       Plate armour      |       |       |   202 |   781 ||   983
Dodge: Dodged            |   100 |   123 |   306 |   350 ||   879

Table legend:
 A = Spawn XP
 B = Non-spawn XP
 C = Spawn XP percentage of total XP
 D = Spawn monster count
 E = Non-spawn monster count
 F = Spawn count percentage of total count
 G = Total turns spent on level
                    A         B        C        D         E        F      G
               +---------+---------+-------+---------+---------+-------+---------
         Total |       0 |   25366 |   0.0 |       0 |     329 |   0.0 | 18258
               +---------+---------+-------+---------+---------+-------+---------
           D:1 |       0 |      34 |   0.0 |       0 |      22 |   0.0 |   834
           D:2 |       0 |      98 |   0.0 |       0 |      24 |   0.0 |  1251
           D:3 |       0 |     422 |   0.0 |       0 |      29 |   0.0 |  1218
           D:4 |       0 |    1172 |   0.0 |       0 |      50 |   0.0 |  1627
           D:5 |       0 |     771 |   0.0 |       0 |      14 |   0.0 |  1120
           D:6 |       0 |    1532 |   0.0 |       0 |      18 |   0.0 |  1130
           D:7 |       0 |     877 |   0.0 |       0 |      20 |   0.0 |  1347
           D:8 |       0 |    2481 |   0.0 |       0 |      13 |   0.0 |  1462
           D:9 |       0 |    4033 |   0.0 |       0 |      28 |   0.0 |  2552
          D:10 |       0 |    3082 |   0.0 |       0 |      21 |   0.0 |  1609
          D:11 |       0 |    3820 |   0.0 |       0 |      56 |   0.0 |  1053
        Lair:1 |       0 |    6106 |   0.0 |       0 |      29 |   0.0 |  2524
        Lair:2 |       0 |     938 |   0.0 |       0 |       5 |   0.0 |   268
               +---------+---------+-------+---------+---------+-------+---------
